 Dungeon Crawl Stone Soup version 0.18-a0-1551-g40744a8 (webtiles) character file.

231 Ratboiler the Sneak (level 5, -3/21 HPs)
             Began as a Felid Wanderer on Mar 11, 2016.
             Killed from afar by an orc wizard (11 damage)
             ... with a puff of flame
             ... on level 5 of the Dungeon.
             The game lasted 00:11:14 (5236 turns).

Ratboiler the Sneak (Felid Wanderer)                Turns: 5236, Time: 00:11:15

Health: -3/21      AC:  1    Str: 12    XL:     5   Next: 72%
Magic:  10/10      EV: 15    Int: 10    God:
Gold:   150        SH:  0    Dex: 16    Spells: 1 memorised, 8 levels left
                                        Lives:  0   Deaths: 1

rFire  . . .     SeeInvis +       - Unarmed
rCold  . . .     Gourm    .     (armour unavailable)
rNeg   . . .     Faith    .     (shield unavailable)
rPois  .         Spirit   .     (helmet unavailable)
rElec  .         Dismiss  .     (cloak unavailable)
rCorr  .         Reflect  .     (gloves unavailable)
SustAt .         Harm     .     (boots unavailable)
MR     .....                    (no amulet)
Stlth  ++++......               (no ring)
                                (no ring)

@: quick, not resistant to hostile enchantments, stealthy
A: no armour, no weapons or thrown items, claws 1, fangs 3, see invisible,
carnivore 3, speed 1, shaggy fur 1, slow metabolism 1, sharp paws
a: no special abilities


You were on level 5 of the Dungeon.
You were not hungry.

You visited 1 branch of the dungeon, and saw 5 of its levels.
You also visited: Sewer.

You collected 150 gold pieces.

Inventory:

Wands
 q - a wand of teleportation (0/9)
Scrolls
 f - a scroll of recharging {unknown}
 g - a scroll of amnesia {unknown}
 h - 2 scrolls of teleportation
 i - a scroll of remove curse
 n - a scroll of magic mapping {unknown}
Potions
 b - 4 potions of curing
 e - 3 potions of flight
 o - a potion of heal wounds
 p - a potion of beneficial mutation {unknown}
Books
 a - a Young Poisoner's Handbook

   Spells                             Type                      Level
   a - Sting                          Conjuration/Poison           1
   b - Cure Poison                    Poison                       2
   c - Mephitic Cloud                 Conjuration/Poison/Air       3
   d - Olgreb's Toxic Radiance        Poison                       4
   e - Venom Bolt                     Conjuration/Poison           5
 c - the Tome of the Catfish

   Spells                             Type                      Level
   a - Pain                           Necromancy                   1
   b - Vampiric Draining              Necromancy                   3
Comestibles
 d - 3 meat rations
 k - a beef jerky
 l - a royal jelly


   Skills:
 + Level 6.0 Stealth
 + Level 4.2 Unarmed Combat
 - Level 3.0 Spellcasting
   Level 1.0 Summonings
   Level 2.1 Transmutations
 - Level 1.7 Poison Magic
 - Level 2.1 Evocations


You had 8 spell levels left.
You knew the following spells:

 Your Spells              Type           Power        Failure   Level  Hunger
a - Cure Poison           Pois           #.........   21%         2    ###....


Dungeon Overview and Level Annotations

Branches:
Dungeon (5/15)             Temple (0/1) D:4

Altars:
Elyvilon
The Shining One
Beogh


Innate Abilities, Weirdness & Mutations

You cannot wear armour.
You are incapable of wielding weapons or throwing items.
You have sharp claws.
You have razor-sharp teeth.
You have supernaturally acute eyesight.
You are carnivorous and can eat meat at any time.
You cover ground quickly.
You are covered in fur (AC +1).
You have a slow metabolism.
Your sharp claws are effective at attacking unaware monsters.


Message History

You can't go up here!
The orc wizard hits you with a dagger.
You climb downwards.
There is a stone staircase leading up here.
You closely miss the orc wizard.
The orc wizard is heavily wounded.
The orc wizard hits you with a dagger.
You closely miss the orc wizard.
The orc wizard is heavily wounded.
The orc wizard barely misses you.
You scratch the orc wizard but do no damage.
The orc wizard is heavily wounded.
The orc wizard points at you and mumbles some strange words.
The magic dart hits you!
You scratch the orc wizard. Your claw misses the orc wizard.
The orc wizard is almost dead.
The orc wizard points at you and mumbles some strange words.
The puff of flame hits you!
Ouch! That really hurt!
You die...

#.#.##
#.###.#
#. #.##
.# ##.#
#. #.##
.# ##.#
#. #.#
##.###
#@o..#
####.#
... ###


You could see an orc wizard (invisible).

Vanquished Creatures
  A big kobold (Sewer)
  An orc wizard (D:5)
  Ijyb (D:3)
  Natasha (thrice) (D:2)
  2 worker ant zombies (D:5)
  An adder (D:2)
  A river rat (Sewer)
  An ooze (D:1)
  A worm (D:3)
  A dart slug (D:3)
  A giant gecko (D:1)
  5 orcs
  2 giant cockroaches
  6 goblins
  2 hobgoblins (D:1)
  A jackal (Sewer)
  5 kobolds
  8 bats
  A giant newt (D:1)
  A quokka zombie (D:5)
  11 rats
56 creatures vanquished.

Notes
Turn   | Place    | Note
--------------------------------------------------------------
     0 | D:1      | Ratboiler the Felid Wanderer began the quest for the Orb.
     0 | D:1      | Ratboiler set off with: a Young Poisoner's Handbook, a potion of lignification, the Tome of the Catfish, a meat ration
     0 | D:1      | Reached XP level 1. HP: 7/7 MP: 5/5
     0 | D:1      | Identified the Tome of the Catfish
   180 | D:1      | Reached skill level 1 in Stealth
   541 | D:1      | Reached skill level 1 in Unarmed Combat
   541 | D:1      | Reached XP level 2. HP: 11/11 MP: 7/7
   778 | D:1      | Reached skill level 2 in Stealth
  1225 | D:2      | Learned a level 2 spell: Cure Poison
  1269 | D:2      | Found a glowing golden altar of the Shining One.
  1732 | D:2      | Noticed Natasha
  1736 | D:2      | Noticed a crimson imp
  1737 | D:2      | Killed Natasha
  1737 | D:2      | Reached skill level 3 in Stealth
  1737 | D:2      | Reached XP level 3. HP: 14/14 MP: 8/8
  1788 | D:2      | Noticed Natasha
  2282 | D:2      | Killed Natasha
  2282 | D:2      | Reached skill level 4 in Stealth
  2282 | D:2      | Reached XP level 4. HP: 6/18 MP: 2/9
  2801 | D:2      | Noticed Natasha
  2820 | D:2      | Killed Natasha
  3120 | D:3      | Found a glowing drain.
  3128 | Sewer    | Entered a sewer
  3349 | Sewer    | Noticed a big kobold
  3401 | Sewer    | Reached XP level 5. HP: 10/21 MP: 10/10
  3573 | Sewer    | Slain by a big kobold
  3574 | Sewer    | Reached XP level 4. HP: 0/18 MP: 9/9
  3582 | Sewer    | Found a white marble altar of Elyvilon.
  3615 | Sewer    | Killed a big kobold
  3615 | Sewer    | Reached skill level 5 in Stealth
  3615 | Sewer    | Reached XP level 5. HP: 3/21 MP: 10/10
  3932 | D:3      | Noticed Ijyb
  4022 | D:3      | Killed Ijyb
  4284 | D:3      | Found a roughly hewn altar of Beogh.
  4387 | D:5      | Entered Level 5 of the Dungeon
  4541 | D:5      | Found a white marble altar of Elyvilon.
  4573 | D:5      | Noticed an ice beast
  5089 | D:5      | Reached skill level 6 in Stealth
  5224 | D:4      | Found a staircase to the Ecumenical Temple.
  5236 | D:5      | Killed from afar by an orc wizard

Vault maps used:
D:1:      minmay_arrival_five_plusses, grunt_decor_cap, hangedman_decor_opposing
D:2:      tso_metal_star, uniq_natasha
D:3:      lightli_sewer_entry_pipes, kennysheep_orc_chapel, uniq_iyjb,
          uniq_robin
D:4:      nicolae_ashenzari_panopticon, minmay_temple_entry_purple_smoke,
          first_bread, guppyfry_early_orc_mine
D:5:      elyvilon_altar_1, serial_shops, shop, grunt_decor_clamped
Sewer:    sewer_kobolds

Skill      XL: |  1  2  3  4  5 |
---------------+----------------+-----
Stealth        | 1 3 4 5 6 |  6.0
Unarmed Combat | 1 2 3 4 |  4.2
Spellcasting   | |  3.0
Summonings     | |  1.0
Transmutations | |  2.1
Poison Magic   | |  1.7
Evocations     | |  2.1

Action                   |  1- 3 |  4- 6 || total
-------------------------+-------+-------++-------
Melee: Unarmed           |    71 |   158 ||   229
 Cast: Cure Poison       |     3 |       ||     3
  Use: Scroll            |     2 |     4 ||     6
       Potion            |     1 |     4 ||     5
 Stab: Sleeping          |    10 |     3 ||    13
       Invisible         |       |     2 ||     2
       Distracted        |       |     2 ||     2
  Eat: Chunk             |     7 |     9 ||    16
